 Dungeon Crawl Stone Soup version 0.26-a0-1222-g14533b3512 (webtiles) character file.

Game seed: 3532860284936617352

147 voltaire321 the Skirmisher (level 5, -2/41 HPs)
             Began as a Demonspawn Fighter on Jan 1, 2021.
             Slain by an orc
             ... wielding a +0 falchion
              (6 damage)
             ... on level 3 of the Dungeon.
             The game lasted 00:07:12 (2467 turns).

voltaire321 the Skirmisher (Demonspawn Fighter)     Turns: 2467, Time: 00:07:13

Health: -2/41      AC:  6    Str: 17    XL:     5   Next: 8%
Magic:  5/5        EV: 12    Int: 10    God:
Gold:   175        SH:  9    Dex: 12    Spells: 4/4 levels left

rFire    . . .     SeeInvis .   a - +0 long sword
rCold    . . .     Faith    .   c - +0 kite shield
rNeg     . . .     Spirit   .   b - +0 scale mail
rPois    .         Reflect  .   (no helmet)
rElec    .         Harm     .   (no cloak)
rCorr    .         Rampage  .   (no gloves)
Will     .....                  (no boots)
Stlth    ..........             (no amulet)
HPRegen  0.13/turn              (no ring)
MPRegen  0.09/turn              (no ring)

@: agile
A: powered by pain 1, miasma immunity
a: no special abilities


You were on level 3 of the Dungeon.
You visited 1 branch of the dungeon, and saw 3 of its levels.

You collected 175 gold pieces.

Inventory:

Hand Weapons
 a - a +0 long sword (weapon)
Armour
 b - a +0 scale mail (worn)
 c - a +0 kite shield (worn)
Scrolls
 e - a scroll of enchant armour {unknown}
 f - 3 scrolls of identify
 g - a scroll of remove curse {unknown}
 h - a scroll of magic mapping {unknown}
 i - a scroll of teleportation {unknown}
Potions
 d - 2 potions of curing
 j - a potion of lignification
 k - a potion of mutation


   Skills:
 + Level 3.5 Fighting
 + Level 3.1 Long Blades
 + Level 3.2 Armour
 + Level 1.5 Dodging
 + Level 3.3 Shields


You had 4 spell levels left.
You didn't know any spells.
Your spell library was empty.

Dungeon Overview and Level Annotations

Branches:
Dungeon (3/15)

Altars:
Okawaru
Beogh


Innate Abilities, Weirdness & Mutations

You sometimes gain a little power by taking damage.
You are immune to miasma.


Message History

You focus on the pain.
You feel agile all of a sudden. The orc hits you but does no damage.
You hit the orc priest but do no damage.
The orc priest is almost dead.
The orc hits you but does no damage. The orc priest hits you.
* * * LOW HITPOINT WARNING * * *
The orc hits you with a +0 falchion.
* * * LOW HITPOINT WARNING * * *
The orc closely misses you.
You riposte.
You hit the orc.
The orc is heavily wounded.
You hit the orc priest but do no damage.
The orc priest is almost dead.
The orc priest completely misses you. The orc completely misses you.
You block the orc's attack. x2
You hit the orc priest.
You kill the orc priest!
You block the orc's attack. The orc hits you but does no damage.
The orc hits you with a +0 falchion.
You die...

.....#......##
............###
#####............#
##$.$##.........#
#.8.8o#....(...#
#_$..o'......# #
#.8$8.#...#.##.####
####.oo##[..#........
##..#####@oo..........
........oo..####..##.
..^..##..#..# #.#
#..........# .#
#..###).#.## #
#####..###..#.#
.............†###
##...........#
#####.###)####.#


You could see an orc priest and 3 orcs.

Vanquished Creatures
  An orc priest (D:3)
  Natasha (thrice) (D:2)
  A gnoll (D:2)
  An ooze (D:2)
  A dart slug (D:2)
  A leopard gecko (D:2)
  2 ball pythons
  8 bats
  3 giant cockroaches
  6 goblins
  7 hobgoblins
  2 quokkas (D:2)
  4 frilled lizards
  9 kobolds
  6 rats
55 creatures vanquished.

Vanquished Creatures (others)
  16 plants (D:2)
16 creatures vanquished.

Grand Total: 71 creatures vanquished

Notes
Turn   | Place    | Note
-------+----------+-------------------------------------------
     0 | D:1      | voltaire321 the Demonspawn Fighter began the quest for the
                  | Orb.
     0 | D:1      | Reached XP level 1. HP: 18/18 MP: 1/1
   312 | D:1      | Gained mutation: You are immune to miasma. [demonic
                  | ancestry]
   312 | D:1      | Reached XP level 2. HP: 24/24 MP: 2/2
  1103 | D:2      | Reached XP level 3. HP: 28/29 MP: 3/3
  1379 | D:2      | Noticed Natasha
  1394 | D:2      | Killed Natasha
  1395 | D:2      | Reached skill level 1 in Dodging
  1478 | D:2      | Noticed Natasha
  1484 | D:2      | Killed Natasha
  1485 | D:2      | Gained mutation: You sometimes gain a little power by
                  | taking damage. [demonic ancestry]
  1485 | D:2      | Reached XP level 4. HP: 10/35 MP: 4/4
  1609 | D:2      | Noticed Natasha
  1621 | D:2      | Killed Natasha
  2189 | D:2      | Found an iron altar of Okawaru.
  2261 | D:2      | Reached XP level 5. HP: 39/41 MP: 5/5
  2452 | D:3      | Found a roughly hewn altar of Beogh.
  2467 | D:3      | Slain by an orc

Illustrated notes

Levels and vault maps discovered:
D:1:      dpeg_arrival_rooms_a, layout_basic
D:2:      cheibrodos_old_hovel, layout_loops_ring, serial_bayou,
          serial_bayou_lagoon_a, serial_bayou_shore_b, serial_bayou_shore_a,
          serial_bayou_shore_b, okawaru_altar_gauntlet_db, uniq_natasha
D:3:      layout_loops_ring, kennysheep_orc_chapel

Skill      XL: |  1  2  3  4 |
---------------+-------------+-----
Long Blades    | 2 3 |  3.1
Shields        | 3 |  3.3
Armour         | 3 |  3.2
Dodging        | 1 |  1.5
Fighting       | |  3.5

Action                   |  1- 3 |  4- 6 || total
-------------------------+-------+-------++-------
Melee: Long sword        |   132 |    84 ||   216
  Use: Potion            |     1 |       ||     1
       Scroll            |       |     3 ||     3
Armor: Scale mail        |    80 |    40 ||   120
Dodge: Dodged            |    48 |    39 ||    87
Block: Kite shield       |    73 |    51 ||   124
       Rpst.: Long sword |    15 |    13 ||    28

Table legend: (Time is in decaauts)
 A = Elapsed time spent in this place.
 B = Non-inter-level travel time spent in this place.
 C = Inter-level travel time spent in this place.
 D = Time resting spent in this place.
 E = Time spent auto-exploring this place.
 F = Levels seen in this place.
 G = Mean time per level.
                   A        B        C        D        E       F      G
               +--------+--------+--------+--------+--------+-----+--------+
         Total |   2581 |   2557 |     24 |    800 |   1121 |   3 |  860.3 |
       Dungeon |   2581 |   2557 |     24 |    800 |   1121 |   3 |  860.3 |
               +--------+--------+--------+--------+--------+-----+--------+

Top non-repeatable levels by time:
     D:2: 1605 daAuts
     D:1: 868 daAuts
     D:3: 107 daAuts
